[Event "Titled Tuesday Blitz August 17 2021"]
[White "Agibileg, Uurtsaikh"]
[Black "Kiseljova, Marya"]
[WhiteFideId "4901606"]
[BlackFideId "4155009"]
[WhiteElo "2150"]
[BlackElo "1814"]
[Result "1-0"]
[Round "01"]
[TimeControl "180+1"]
[Date "2021.08.18"]
[WhiteClock "0:00:31"]
[BlackClock "0:00:06"]

1. d4 d5 2. c4 e6 3. Nc3 c5 4. cxd5 exd5 5. Nf3 Nc6 6. Bf4 Nf6 7. e3 c4 8. Be2 Bb4 9. O-O O-O 10. Qc2 a6 11. b3 b5 12. a4 Bxc3 13. Qxc3 b4 14. Qc2 c3 15. Bd3 h6 16. h3 Re8 17. Ne5 Nxe5 18. Bxe5 Bb7 19. Rad1 Qe7 20. Rfe1 Nd7 21. Bc7 Rac8 22. Ba5 Nb8 23. f3 Nc6 24. Bb6 Qg5 25. e4 dxe4 26. fxe4 Re6 27. d5 Rg6 28. dxc6 Bxc6 29. Be3 Qg3 30. Bf1 Re8 31. Bf2 Qf4 32. Rd4 Qe5 33. Rxb4 a5 34. Rc4 Qe6 35. Qxc3 Bb7 36. Kh1 Ba6 37. Rd4 Bxf1 38. Rxf1 Qe5 39. Qd3 Qg5 40. Rg1 h5 41. Rd5 Qf4 42. Be3 Qg3 43. Rxh5 Rge6 44. e5 Rg6 45. Qe4 Kf8 46. Bc5+ Kg8 47. Qh4 Qxh4 48. Rxh4 Rxe5 49. Rd1 f6 50. Rd8+ Kf7 51. Rf8+ Ke6 52. Re8+ Kd5 53. Rxe5+ fxe5 54. Rc4 Rc6 55. Bf8 Rb6 56. Rc5+ Kd4 57. Rb5 Rc6 58. Bxg7 Rc1+ 59. Kh2 Ke4 60. Bxe5 Kd3 61. Rxa5 Rb1 62. Rb5 Ra1 63. a5 Rb1 64. b4 Ke4 65. Bg3 Kd4 66. Rb6 Kc4 67. a6 Ra1 68. b5 Kd5 69. Rb7 Ra2 70. a7 Ra3 71. b6 Ra4 72. Rb8 Ra5 73. a8=Q+ Rxa8 74. Rxa8 Kc6 1-0


[Site "https://www.chess.com"]

[Event "Titled Tuesday Blitz August 17 2021"]
[White "Alavi, Sayed Javad"]
[Black "Williams, John M"]
[WhiteFideId "12500607"]
[BlackFideId "2046636"]
[WhiteElo "2495"]
[BlackElo "2404"]
[Result "1-0"]
[Round "01"]
[TimeControl "180+1"]
[Date "2021.08.17"]
[WhiteClock "0:01:04"]
[BlackClock "0:01:19"]

1. Nf3 Nf6 2. c4 e6 3. Nc3 d5 4. d4 Bb4 5. Qa4+ Nc6 6. Bg5 h6 7. Bxf6 Qxf6 8. e3 O-O 9. Be2 dxc4 10. Bxc4 a6 11. O-O Bd6 12. Ne4 Qe7 13. a3 e5 14. d5 Nb8 15. Rac1 Nd7 16. Be2 Nb6 17. Qb3 Bd7 18. Nfd2 Ba4 19. Qa2 f5 20. Nxd6 cxd6 21. b3 Bb5 22. Nc4 Bxc4 23. bxc4 Nd7 24. c5 Nxc5 25. Rxc5 dxc5 26. d6+ Qf7 27. Bc4 1-0


[Site "https://www.chess.com"]

[Event "Titled Tuesday Blitz August 17 2021"]
[White "AleksanderHnydiuk"]
[Black "Baradaran, Arman"]
[BlackFideId "880515"]
[WhiteElo "2612"]
[BlackElo "2132"]
[Result "1/2-1/2"]
[Round "01"]
[TimeControl "180+1"]
[Date "2021.08.18"]
[WhiteClock "0:00:04"]
[BlackClock "0:00:06"]

1. Nf3 d5 2. d4 Nf6 3. c4 c6 4. Qc2 e6 5. g3 Nbd7 6. Bg2 Bd6 7. O-O O-O 8. Nbd2 e5 9. cxd5 cxd5 10. dxe5 Nxe5 11. Nxe5 Bxe5 12. Nf3 Bd6 13. Rd1 Qe7 14. Nd4 Bg4 15. h3 Rac8 16. Qd3 Be6 17. Be3 a6 18. Rac1 h6 19. Nxe6 fxe6 20. Rxc8 Rxc8 21. Rc1 Rxc1+ 22. Bxc1 Qc7 23. Be3 h5 24. Bg5 Nh7 25. Bd2 Nf6 26. Bc3 Be5 27. Bxe5 Qxe5 28. Qb3 Qxe2 29. Qxb7 Qe1+ 30. Bf1 Ne4 31. Qb6 Nd2 32. Qxa6 h4 33. Qe2 Qc1 34. Qxe6+ Kh8 35. Qe8+ Kh7 36. Qe2 hxg3 37. fxg3 Nxf1 38. Qxf1 Qxb2 39. Qf5+ Kh8 40. Qh5+ Kg8 41. Qxd5+ Kh8 42. Qh5+ Kg8 43. Qe8+ Kh7 44. Qe4+ Kh8 45. a4 Qc1+ 46. Kg2 Qd2+ 47. Kf3 Qc3+ 48. Kg4 Qc8+ 49. Qf5 Qc4+ 50. Qf4 Qe2+ 51. Kh4 Qe7+ 52. Qg5 Qb4+ 53. Qf4 Qe7+ 54. Kg4 Qe6+ 55. Kf3 Qb3+ 56. Kf2 Qa2+ 57. Ke3 Qb3+ 58. Kd2 Qb2+ 59. Kd3 Qb3+ 60. Ke2 Qb2+ 61. Kf3 Qb3+ 62. Qe3 Qxa4 63. h4 Qc6+ 64. Qe4 Qf6+ 65. Qf4 Qc3+ 66. Kg4 Qc8+ 67. Qf5 Qc4+ 68. Kh3 Qd4 69. Qh5+ Kg8 70. Qe8+ Kh7 71. Qe6 Qf2 72. Qe4+ Kh8 73. Kg4 Qg1 74. Qe8+ Kh7 75. Qh5+ Kg8 76. Qd5+ Kh7 77. Qd3+ Kh8 78. Kh5 Qf2 79. Qd8+ Kh7 80. Qd3+ Kh8 81. Kg4 Qf6 82. Qf5 Qd4+ 83. Kg5 Qd2+ 84. Kg6 Qd6+ 85. Kf7 Qc7+ 86. Ke8 Qb8+ 87. Ke7 Qc7+ 88. Qd7 Qe5+ 89. Kf7 Qf6+ 90. Ke8 Qe5+ 91. Qe7 Qxg3 92. Qf8+ Kh7 93. Qf5+ Qg6+ 94. Qxg6+ Kxg6 95. Kf8 Kh6 96. Kf7 g6 97. Kf6 Kh5 98. Kg7 Kxh4 99. Kxg6 1/2-1/2


[Site "https://www.chess.com"]

[Event "Titled Tuesday Blitz August 17 2021"]
[White "Alekseenko, Kirill"]
[Black "Elgersma, Onno"]
[WhiteFideId "4135539"]
[BlackFideId "1053531"]
[WhiteElo "2580"]
[BlackElo "2463"]
[Result "1-0"]
[Round "01"]
[TimeControl "180+1"]
[Date "2021.08.17"]
[WhiteClock "0:00:26"]
[BlackClock "0:00:02"]

1. d4 d5 2. Nc3 c6 3. Bf4 Nf6 4. e3 Bf5 5. f3 e6 6. g4 Bg6 7. h4 h5 8. g5 Nfd7 9. Bd3 Bxd3 10. Qxd3 g6 11. O-O-O Bg7 12. Nge2 O-O 13. Bd6 Re8 14. f4 c5 15. dxc5 Na6 16. c6 Ndc5 17. Bxc5 Nxc5 18. Qb5 Qb6 19. cxb7 Rab8 20. Qxb6 axb6 21. Nd4 Rxb7 22. Nce2 Ra8 23. a3 b5 24. c3 Ne4 25. Rhf1 Rc8 26. Kb1 Nd6 27. Nc2 Nf5 28. Rh1 Rbc7 29. Ned4 Ng3 30. Rh2 Ne4 31. Nb4 Rb7 32. Nb3 Bf8 33. Nd3 Rbc7 34. Rc1 Rb7 35. Nd2 Nd6 36. Nf3 Nf5 37. Re2 Ng3 38. Ree1 Ne4 39. Ka2 Bd6 40. Rc2 Ra8 41. Nf2 Ng3 42. Nd4 Bf8 43. Rg1 Nf5 44. Nxf5 gxf5 45. Nd3 Bd6 46. Nc1 Kg7 47. Kb1 Rc8 48. Ne2 Rc4 49. Nd4 Bc5 50. Rd2 Bxd4 51. Rxd4 Rc6 52. Kc2 Kf8 53. Ra1 Ra7 54. Rb4 Rc5 55. a4 bxa4 56. Rbxa4 Rxa4 57. Rxa4 Rc4 58. Rxc4 dxc4 59. b3 Ke7 60. bxc4 Kd6 61. Kb2 Kc6 62. Ka3 Kb6 63. Kb4 Kc6 64. c5 Kd5 65. Kb5 Ke4 66. c6 Kxe3 67. c7 1-0


[Site "https://www.chess.com"]

[Event "Titled Tuesday Blitz August 17 2021"]
[White "AlexOstrovskiy"]
[Black "Vasli, Aref"]
[BlackFideId "417521"]
[WhiteElo "2814"]
[BlackElo "2257"]
[Result "1-0"]
[Round "01"]
[TimeControl "180+1"]
[Date "2021.08.17"]
[WhiteClock "0:00:03"]
[BlackClock "0:00:03"]

1. d4 Nf6 2. Bf4 c5 3. dxc5 Na6 4. f3 Nxc5 5. e4 d6 6. Nc3 Qa5 7. Qd2 a6 8. a3 Qc7 9. O-O-O Be6 10. Nge2 g6 11. Kb1 Bg7 12. Nd4 O-O 13. Bh6 Rfc8 14. Bxg7 Kxg7 15. h4 h5 16. g4 b5 17. gxh5 Nxh5 18. Rg1 Rh8 19. f4 Bc4 20. f5 Nf6 21. fxg6 fxg6 22. Bxc4 bxc4 23. Qe2 Rxh4 24. Qxc4 Kh7 25. Rh1 Rh5 26. Qf7+ Kh8 27. Rxh5+ Nxh5 28. Qxg6 Ng7 29. Rh1+ Kg8 30. Nd5 Qd7 31. Nf5 e6 32. Nf6+ Kf8 33. Nxd7+ 1-0


[Site "https://www.chess.com"]

[Event "Titled Tuesday Blitz August 17 2021"]
[White "Aslanov, Umid"]
[Black "Bazeev, German"]
[WhiteFideId "13412620"]
[BlackFideId "24119350"]
[WhiteElo "1796"]
[BlackElo "2462"]
[Result "0-1"]
[Round "01"]
[TimeControl "180+1"]
[Date "2021.08.17"]
[WhiteClock "0:00:11"]
[BlackClock "0:00:09"]

1. e4 c6 2. d4 d5 3. Nd2 dxe4 4. Nxe4 Nf6 5. Nxf6+ exf6 6. c3 Bd6 7. Bd3 Na6 8. Qc2 h5 9. Bd2 Nc7 10. O-O-O O-O 11. Ne2 Ne6 12. f3 Qc7 13. h4 Nf4 14. Nxf4 Bxf4 15. Bxf4 Qxf4+ 16. Qd2 Qxd2+ 17. Rxd2 Be6 18. Kc2 g6 19. Re1 Kg7 20. Rde2 Rad8 21. Re4 Rd6 22. g4 hxg4 23. fxg4 Rh8 24. g5 fxg5 25. hxg5 Rh5 26. Re5 Rh3 27. R1e2 Rg3 28. b3 Rd5 29. Rxd5 cxd5 30. Re5 Rg2+ 31. Be2 Bg4 32. Kd3 Bxe2+ 33. Rxe2 Rxg5 34. Re7 Rg3+ 35. Ke2 Rxc3 36. Rxb7 Rc2+ 37. Kf3 Rxa2 38. Rb5 Rb2 39. Kf4 a6 40. Rb6 a5 41. Ke5 a4 42. b4 a3 43. Kxd5 a2 44. Ra6 g5 45. Ke4 f6 46. Kf3 Kg6 47. b5 Kf5 48. b6 Rb3+ 49. Kf2 Rxb6 50. Rxa2 Kf4 51. Ra4 f5 52. d5+ Ke5 53. Kf3 Rb3+ 54. Ke2 g4 55. Ra5 Rf3 56. Rb5 Rf4 57. Ra5 Re4+ 58. Kf2 Kf4 59. d6 Rd4 60. Ra6 g3+ 61. Kg2 Rd2+ 62. Kf1 Kf3 63. Ra3+ Kg4 64. Ra6 f4 65. Kg1 f3 66. Ra4+ Kf5 67. Ra1 Rxd6 68. Re1 f2+ 69. Kg2 fxe1=Q 70. Kh3 Qh1+ 71. Kxg3 Rd3+ 72. Kf2 Qf3+ 73. Ke1 Rd1# 0-1


[Site "https://www.chess.com"]

[Event "Titled Tuesday Blitz August 17 2021"]
[White "Atabayev, Saparmyrat"]
[Black "Lopez Gracia, Fernando"]
[WhiteFideId "14000571"]
[BlackFideId "2207184"]
[WhiteElo "2483"]
[BlackElo "2352"]
[Result "1-0"]
[Round "01"]
[TimeControl "180+1"]
[Date "2021.08.17"]
[WhiteClock "0:00:24"]
[BlackClock "0:00:03"]

1. e4 e5 2. Nf3 Nc6 3. Bb5 a6 4. Bxc6 dxc6 5. Nc3 Bd6 6. d4 exd4 7. Qxd4 f6 8. Be3 Ne7 9. O-O-O Ng6 10. Na4 Qe7 11. Nb6 Be5 12. Nxe5 fxe5 13. Nxc8 exd4 14. Nxe7 dxe3 15. Nxg6 hxg6 16. f3 g5 17. h3 Ke7 18. Rhe1 Ke6 19. Rxe3 Rad8 20. Red3 Rd6 21. Kd2 Ke5 22. Ke3 Rhd8 23. Rh1 Rf8 24. Rhd1 Rfd8 25. Rxd6 cxd6 26. Rd3 d5 27. exd5 cxd5 28. c3 b5 29. Rd4 Rd6 30. Rg4 Kf5 31. a4 Rb6 32. axb5 Rxb5 33. b4 a5 34. Kd3 Kf6 35. Kc2 axb4 36. cxb4 Rb7 37. Kb3 Ke5 38. Rxg5+ Kd4 39. h4 Rd7 40. h5 Ke3 41. b5 d4 42. Kc2 d3+ 43. Kd1 Ra7 44. Re5+ Kd4 45. Re8 Ra1+ 46. Kd2 Ra2+ 47. Kc1 Rc2+ 48. Kd1 Rxg2 49. b6 Rb2 50. Re6 Kc3 51. Rc6+ Kd4 52. Kc1 Rb5 53. f4 Rxh5 54. b7 Rb5 55. Rc7 Ke3 56. f5 d2+ 57. Kc2 Rb2+ 58. Kxb2 d1=Q 59. b8=Q Qd4+ 60. Rc3+ Ke4 61. Qe8+ Kxf5 62. Qf7+ Kg5 63. Qc4 Qb6+ 64. Rb3 Qf2+ 65. Ka3 Qa7+ 66. Kb4 Qb6+ 67. Qb5+ Qxb5+ 68. Kxb5 Kf4 69. Kc4 g5 70. Kd3 Kf3 71. Rb8 g4 72. Rf8+ Kg2 73. Ke2 g3 74. Rg8 1-0


[Site "https://www.chess.com"]

[Event "Titled Tuesday Blitz August 17 2021"]
[White "Avramidou, Anastasia"]
[Black "Yilmaz, Mustafa"]
[WhiteFideId "4239873"]
[BlackFideId "6302718"]
[WhiteElo "2183"]
[BlackElo "2518"]
[Result "0-1"]
[Round "01"]
[TimeControl "180+1"]
[Date "2021.08.17"]
[WhiteClock "0:00:10"]
[BlackClock "0:00:06"]

1. d4 d5 2. c4 c6 3. cxd5 cxd5 4. Nc3 Nf6 5. Bf4 Nc6 6. e3 a6 7. Nf3 Bg4 8. Be2 e6 9. h3 Bxf3 10. Bxf3 Bd6 11. Bg5 Be7 12. O-O O-O 13. Rc1 Nd7 14. Bf4 Nb6 15. Na4 Nxa4 16. Qxa4 Qd7 17. Rc3 Rfc8 18. Rfc1 h6 19. Qd1 Bd6 20. Bxd6 Qxd6 21. a3 Rc7 22. Be2 Rac8 23. Qd2 Na5 24. Rxc7 Rxc7 25. Rxc7 Qxc7 26. Bd3 b5 27. g3 Nc4 28. Qc3 Qb6 29. b3 Nd6 30. a4 bxa4 31. bxa4 a5 32. Kg2 g6 33. Bc2 Kg7 34. h4 h5 35. Kf3 Nc4 36. Bd3 Nd6 37. Bc2 Kf6 38. Bd3 Ke7 39. Bc2 Kd7 40. Ke2 Ke7 41. Kf3 Kf6 42. Bd3 g5 43. hxg5+ Kxg5 44. Bc2 Qd8 45. Kg2 Kf6 46. Bd1 Ne4 47. Qc2 Qh8 48. Bf3 Nd6 49. Qc5 Nc4 50. Be2 Nd2 51. Qxa5 Ne4 52. Bf3 Ng5 53. Qc7 Kg6 54. Qe5 f6 55. Qd6 h4 56. Bg4 h3+ 57. Kh2 f5 58. Be2 Qa8 59. Qb4 Ne4 60. a5 Nxf2 61. a6 Ng4+ 62. Kxh3 Qh8+ 63. Kg2 Qh2+ 64. Kf1 Qf2# 0-1


[Site "https://www.chess.com"]

[Event "Titled Tuesday Blitz August 17 2021"]
[White "Bacrot, Etienne"]
[Black "Gallegos Diaz, Carlos Alberto"]
[WhiteFideId "605506"]
[BlackFideId "3900886"]
[WhiteElo "2673"]
[BlackElo "2362"]
[Result "1-0"]
[Round "01"]
[TimeControl "180+1"]
[Date "2021.08.17"]
[WhiteClock "0:01:41"]
[BlackClock "0:00:38"]

1. e4 c5 2. Nf3 d6 3. d4 cxd4 4. Nxd4 Nf6 5. Nc3 a6 6. h3 e6 7. g4 Be7 8. Bg2 Qc7 9. Be3 Nbd7 10. Qe2 Ne5 11. O-O-O Nc4 12. f4 Nxe3 13. Qxe3 Rb8 14. Kb1 Nd7 15. Rhe1 b5 16. Nf5 exf5 17. Nd5 Qc5 18. exf5 O-O 19. Nxe7+ Kh8 20. Qxc5 Nxc5 21. Rxd6 Bb7 22. Bxb7 Nxb7 23. Rdd1 Na5 24. b3 Rfe8 25. g5 b4 26. Kb2 Nb7 27. Rd5 Red8 28. Rxd8+ Rxd8 29. Nc6 1-0


[Site "https://www.chess.com"]

[Event "Titled Tuesday Blitz August 17 2021"]
[White "Batsuren, Dambasuren"]
[Black "Tania, Sachdev"]
[WhiteFideId "4902920"]
[BlackFideId "5007844"]
[WhiteElo "2371"]
[BlackElo "2280"]
[Result "1-0"]
[Round "01"]
[TimeControl "180+1"]
[Date "2021.08.17"]
[WhiteClock "0:00:32"]
[BlackClock "0:00:16"]

1. d4 Nf6 2. c4 e6 3. Nc3 Bb4 4. Qc2 c5 5. dxc5 Na6 6. a3 Bxc3+ 7. Qxc3 Nxc5 8. b4 Nce4 9. Qd4 d5 10. c5 b6 11. f3 bxc5 12. bxc5 Qa5+ 13. Qb4 Qxb4+ 14. axb4 Nc3 15. e3 Bd7 16. Ra5 O-O 17. c6 Bc8 18. Bb2 d4 19. exd4 Ncd5 20. b5 Rd8 21. Ne2 Nb4 22. Ng3 Nc2+ 23. Kf2 Nxd4 24. Bc4 e5 25. Re1 Be6 26. Bxe6 fxe6 27. Rxe5 Nb3 28. Ra3 Nd2 29. Rxe6 Nc4 30. Bxf6 gxf6 31. Ra2 Kf7 32. Re4 Rd5 33. Rxc4 Rxb5 34. c7 1-0


[Site "https://www.chess.com"]

[Event "Titled Tuesday Blitz August 17 2021"]
[White "Bazarov, Konstantin"]
[Black "Szente Varga, Fruzsina"]
[WhiteFideId "4137000"]
[BlackFideId "712264"]
[WhiteElo "2122"]
[BlackElo "2106"]
[Result "0-1"]
[Round "01"]
[TimeControl "180+1"]
[Date "2021.08.18"]
[WhiteClock "0:00:01"]
[BlackClock "0:00:06"]

1. d4 Nf6 2. c4 g6 3. Nc3 d6 4. e4 Bg7 5. f3 O-O 6. Be3 c5 7. d5 e6 8. Nge2 exd5 9. cxd5 Re8 10. Ng3 h5 11. Bd3 h4 12. Nge2 h3 13. g3 a6 14. a4 Nbd7 15. O-O Ne5 16. Bc2 Rb8 17. Rb1 b5 18. axb5 axb5 19. b4 Nc4 20. Bc1 Qb6 21. Kh1 Bd7 22. bxc5 Qxc5 23. Bb3 Ne3 24. Bxe3 Qxe3 25. Bc2 b4 26. Na2 Bb5 27. Nac1 Bc4 28. Bd3 Rec8 29. Bxc4 Rxc4 30. Qd3 Qxd3 31. Nxd3 b3 32. Rfc1 Rxc1+ 33. Nexc1 b2 34. Rxb2 Rc8 35. Re2 Nd7 36. Kg1 Rc3 37. Kf2 Bd4+ 38. Ke1 Nc5 39. Kd2 Nxd3 40. Nxd3 Ra3 41. f4 Ra2+ 42. Ke1 Ra1+ 43. Kd2 Ra2+ 44. Kd1 Ra1+ 45. Nc1 Bc5 46. Rc2 Be3 47. Rc3 Bd4 48. Rc2 Be3 49. e5 dxe5 50. fxe5 Kf8 51. d6 Ke8 52. Rc8+ Kd7 53. Rc7+ Ke8 54. Rc8+ Kd7 55. Rc3 Bg1 56. g4 Bxh2 57. Rc7+ Ke8 58. Rc5 Bf4 59. Ke2 h2 60. Rc8+ Kd7 61. Rc7+ Ke6 62. Re7+ Kd5 63. d7 Ra8 64. Re8 Bg5 65. Rxa8 h1=Q 66. d8=Q+ Bxd8 67. Rxd8+ Kxe5 68. Nd3+ Kf6 69. Nf2 Qg2 70. Rd6+ Ke7 71. Rd3 Qc6 72. Re3+ Kf6 73. Rf3+ Kg7 74. Re3 Qc4+ 75. Kf3 f5 76. gxf5 gxf5 77. Nd3 Kf6 78. Nf4 Qc6+ 79. Kg3 Kg5 80. Nh3+ Kf6 81. Nf4 Qd6 82. Kf3 Kg5 83. Nh3+ Kh4 84. Nf4 Qc6+ 85. Kf2 Kg4 86. Ne2 Qh1 87. Rg3+ Kh5 88. Rg2 Qh4+ 89. Kf3 Qe4+ 90. Kf2 f4 91. Rg8 Qe3+ 92. Kf1 f3 93. Ng3+ Kh6 94. Rg4 Qd3+ 95. Kf2 Qd2+ 96. Kxf3 Qd1+ 0-1


[Site "https://www.chess.com"]

[Event "Titled Tuesday Blitz August 17 2021"]
[White "Begunov, Konstantin"]
[Black "Awatramani, Janak"]
[WhiteFideId "4118510"]
[BlackFideId "2608359"]
[WhiteElo "2262"]
[BlackElo "2869"]
[Result "0-1"]
[Round "01"]
[TimeControl "180+1"]
[Date "2021.08.17"]
[WhiteClock "0:00:21"]
[BlackClock "0:00:18"]

1. d4 d5 2. c4 e6 3. Nc3 Nf6 4. cxd5 exd5 5. Bg5 Be7 6. e3 Bf5 7. Qb3 Nc6 8. Bxf6 Bxf6 9. Qxd5 Qc8 10. Bb5 O-O 11. Nge2 Nb4 12. Qf3 Nc2+ 13. Kd2 Nxa1 14. Rxa1 c6 15. Bd3 Bxd3 16. Kxd3 Re8 17. Ne4 Be7 18. Rc1 b6 19. N2c3 Qa6+ 20. Kc2 b5 21. Kb1 b4 22. Ne2 b3 23. axb3 Rab8 24. Rc3 Bb4 25. Rc4 Ba5 26. Nc1 Bc7 27. Nc5 Qb5 28. Nd7 Rbd8 29. Rc5 Qf1 30. Qxc6 Bxh2 31. Rg5 Re6 32. Qd5 Kh8 33. Rf5 Kg8 34. Nf6+ gxf6 35. Qxd8+ Kg7 36. Qd5 Re7 37. g3 Rc7 38. b4 Rxc1+ 39. Ka2 Qa6+ 40. Kb3 Qe6 41. e4 Bg1 42. Qxe6 fxe6 43. Rf3 Rf1 44. d5 exd5 45. exd5 Rxf2 46. Rd3 Rg2 47. d6 Bb6 48. d7 h5 49. Kc4 Bd8 50. b3 Kf7 51. Re3 Rd2 52. Rd3 Rxd3 53. Kxd3 Ke7 54. Ke4 Kxd7 55. Kf5 Ke7 56. Kg6 Bc7 57. Kxh5 Bxg3 58. Kg4 Bd6 59. Kf5 Bxb4 60. Ke4 Bc3 61. Kf5 Be5 62. Ke4 Kd6 63. Kf5 Kc5 64. Ke4 Kb4 65. Kd3 Kxb3 66. Ke4 a5 67. Kd5 Kb2 68. Ke4 a4 69. Kd3 a3 70. Kc4 a2 71. Kd5 a1=Q 72. Ke4 Qd1 73. Kf5 Bc3 74. Ke6 Qd4 75. Kf5 Qe5+ 76. Kg6 f5 77. Kf7 f4 78. Kg6 Qf6+ 79. Kh5 Qg7 80. Kh4 Bf6+ 81. Kh3 Qg3# 0-1


[Site "https://www.chess.com"]

[Event "Titled Tuesday Blitz August 17 2021"]
[White "Bodnar, Nikolay"]
[Black "Grachev, Boris"]
[WhiteFideId "14106469"]
[BlackFideId "4129199"]
[WhiteElo "2296"]
[BlackElo "2580"]
[Result "0-1"]
[Round "01"]
[TimeControl "180+1"]
[Date "2021.08.17"]
[WhiteClock "0:00:30"]
[BlackClock "0:00:09"]

1. d4 d5 2. c4 e6 3. Nf3 Nf6 4. g3 Be7 5. Bg2 O-O 6. O-O Nbd7 7. Qc2 c6 8. Nbd2 b6 9. e4 dxc4 10. Nxc4 Bb7 11. Rd1 c5 12. Ng5 h6 13. d5 exd5 14. exd5 hxg5 15. d6 Bxg2 16. Kxg2 Bxd6 17. Nxd6 g4 18. b3 Qc7 19. Bb2 Qc6+ 20. Kg1 Rad8 21. Qf5 Qf3 22. Qg5 Rfe8 23. Nf5 Qxf2+ 24. Kxf2 Ne4+ 25. Kf1 Nxg5 26. Nxg7 Re3 27. Nh5 Rf3+ 28. Kg2 Ne4 29. Kg1 b5 30. Rd5 c4 31. bxc4 bxc4 32. Re1 c3 33. Ba3 Nf2 34. Be7 Rc8 35. Rxd7 c2 36. Bg5 Nh3+ 37. Kg2 Rf2+ 38. Kh1 Nxg5 39. Kg1 Nh3+ 40. Kh1 c1=Q 0-1


[Site "https://www.chess.com"]

[Event "Titled Tuesday Blitz August 17 2021"]
[White "Bortnyk, Olexandr"]
[Black "Damjanovic, Vladimir"]
[WhiteFideId "14120828"]
[BlackFideId "903795"]
[WhiteElo "2723"]
[BlackElo "2374"]
[Result "1-0"]
[Round "01"]
[TimeControl "180+1"]
[Date "2021.08.17"]
[WhiteClock "0:00:11"]
[BlackClock "0:00:02"]

1. e4 c5 2. c3 Nf6 3. e5 Nd5 4. d4 Nc6 5. Nf3 cxd4 6. cxd4 d6 7. Bc4 Nb6 8. Bb5 dxe5 9. Nxe5 Bd7 10. Nxd7 Qxd7 11. Nc3 e6 12. O-O a6 13. Bxc6 Qxc6 14. Qg4 h5 15. Qg3 h4 16. Qg4 h3 17. gxh3 Nd5 18. Re1 Nf6 19. Qg2 Qxg2+ 20. Kxg2 Bb4 21. a3 Bxc3 22. bxc3 Rc8 23. Bd2 Nd5 24. Reb1 b6 25. Rb3 Kd7 26. Re1 Rc4 27. Re4 g6 28. Rg4 b5 29. Rg3 Rhc8 30. Rf3 Ke7 31. h4 Rh8 32. Kg3 f6 33. Kg4 Kf7 34. Kg3 Ne7 35. Rd3 Rh5 36. h3 Nf5+ 37. Kh2 Nxh4 38. Rb4 Rd5 39. Rg3 Nf5 40. Rg1 e5 41. Rxc4 bxc4 42. Rb1 exd4 43. Rb7+ Ke6 44. Rc7 Nd6 45. Rc6 d3 46. Rxa6 Kf5 47. f3 g5 48. Rc6 Ke6 49. Kg3 Re5 50. f4 Re2 51. fxg5 Rxd2 52. g6 Rd1 53. Kf2 Rd2+ 54. Kf3 Rd1 55. Kf2 Ke7 56. Rxd6 Rd2+ 57. Kf3 Rd1 58. Rd4 Rg1 59. Kf2 Rxg6 60. Rxc4 Rh6 61. h4 d2 62. Ke2 Rxh4 63. Rxh4 1-0


[Site "https://www.chess.com"]

[Event "Titled Tuesday Blitz August 17 2021"]
[White "Brunner, Nicolas"]
[Black "Kuzubov, Yuriy"]
[WhiteFideId "620246"]
[BlackFideId "14112906"]
[WhiteElo "2372"]
[BlackElo "2564"]
[Result "0-1"]
[Round "01"]
[TimeControl "180+1"]
[Date "2021.08.17"]
[WhiteClock "0:00:02"]
[BlackClock "0:00:09"]

1. d4 Nf6 2. c4 e6 3. Nf3 d5 4. Nc3 Nbd7 5. Bf4 Be7 6. e3 O-O 7. Rc1 a6 8. cxd5 exd5 9. Bd3 c6 10. h3 Re8 11. O-O Nf8 12. Ne5 N6d7 13. Bh2 Nxe5 14. dxe5 f6 15. exf6 Bxf6 16. Qb3 Kh8 17. Rfd1 Qe7 18. e4 Bxc3 19. Qxc3 dxe4 20. Re1 Bf5 21. f3 Ng6 22. Bxe4 Qf7 23. Bxf5 Qxf5 24. Qb4 Qf7 25. Rcd1 h6 26. a3 Rxe1+ 27. Rxe1 Rd8 28. Bg3 Kg8 29. Kh2 Rd7 30. Re2 Ne7 31. Be5 Nd5 32. Qg4 Re7 33. Re4 Kh7 34. f4 Nf6 35. Qf5+ Qg6 36. Qxg6+ Kxg6 37. Rd4 Nd7 38. Rd6+ Kf7 39. Bc3 Nc5 40. Rd8 Ne6 41. Rd2 Nxf4 42. Rf2 g5 43. Bd2 Re2 44. Kg1 Rxf2 45. Kxf2 Ke6 46. Kf3 Nd5 47. Ke4 Nf6+ 48. Kd4 b6 49. Be1 c5+ 50. Kc4 Nd7 51. Bg3 Ne5+ 52. Kc3 h5 53. b4 cxb4+ 54. Kxb4 Kd5 55. Kb3 Nd3 56. Kc3 Nc5 57. Bf2 Ne4+ 0-1


[Site "https://www.chess.com"]

[Event "Titled Tuesday Blitz August 17 2021"]
[White "Bures, Vit"]
[Black "Garriga Cazorla, Pere"]
[WhiteFideId "309052"]
[BlackFideId "32011601"]
[WhiteElo "2123"]
[BlackElo "2430"]
[Result "0-1"]
[Round "01"]
[TimeControl "180+1"]
[Date "2021.08.18"]
[WhiteClock "0:00:02"]
[BlackClock "0:01:18"]

1. d4 Nf6 2. c4 e6 3. Nc3 Bb4 4. e3 O-O 5. Ne2 d5 6. a3 Be7 7. cxd5 exd5 8. Nf4 c6 9. Bd3 Na6 10. O-O Nc7 11. Bc2 Ne6 12. Nxe6 Bxe6 13. Qd3 Qd7 14. f3 Rad8 15. Bd2 Rfe8 16. Kh1 g6 17. Qe2 Bf8 18. Qf2 Bg7 19. Rad1 b6 20. b4 Nh5 21. Ne2 f5 22. Bc1 Bf7 23. h3 Rc8 24. g4 fxg4 25. hxg4 Nf6 26. Kg2 c5 27. dxc5 bxc5 28. Nf4 cxb4 29. axb4 Re5 30. Bb2 Rg5 31. Rg1 Nxg4 32. fxg4 Rxg4+ 33. Kf3 Rxg1 34. Rxg1 Bxb2 35. Nxg6 hxg6 36. Bxg6 Bg7 37. Bxf7+ Qxf7+ 0-1


[Site "https://www.chess.com"]

[Event "Titled Tuesday Blitz August 17 2021"]
[White "Buscar, Michael"]
[Black "Durarbayli, Vasif"]
[WhiteFideId "2603616"]
[BlackFideId "13402935"]
[WhiteElo "2010"]
[BlackElo "2522"]
[Result "0-1"]
[Round "01"]
[TimeControl "180+1"]
[Date "2021.08.17"]
[WhiteClock "0:00:19"]
[BlackClock "0:00:11"]

1. d4 Nf6 2. c4 e6 3. Nf3 d5 4. g3 dxc4 5. Bg2 c5 6. Qa4+ Bd7 7. Qxc4 b5 8. Qc2 Na6 9. O-O Rc8 10. Qd1 Bc6 11. Bg5 Be7 12. dxc5 Nxc5 13. Qxd8+ Rxd8 14. Rc1 Bb7 15. Be3 Rc8 16. Nd4 Bxg2 17. Kxg2 b4 18. a3 O-O 19. axb4 Nce4 20. Rxc8 Rxc8 21. Rxa7 Bxb4 22. f3 Nd6 23. Na3 h6 24. Bf2 Bc5 25. Ra6 Nd5 26. Nab5 Nxb5 27. Nxb5 Bxf2 28. Kxf2 Rb8 29. Nc3 Ne7 30. Ra2 Nf5 31. Nd1 Rd8 32. Ke1 Nd4 33. b4 Rb8 34. Rb2 Nb5 35. Kd2 Rd8+ 36. Ke1 Rc8 37. Nf2 Kf8 38. Nd3 Ke7 39. Kd2 Nd6 40. Rc2 Ra8 41. Rc7+ Kd8 42. Rc2 Ra1 43. Ne5 f6 44. Nd3 Rh1 45. Rb2 Nc4+ 46. Kc2 Nxb2 47. Kxb2 Rxh2 48. Nc1 Rg2 49. g4 g6 50. Kc3 h5 51. gxh5 gxh5 52. Kd3 h4 53. Nb3 h3 54. Nd4 h2 55. Nxe6+ Kc8 56. Nf4 Rg8 0-1


[Site "https://www.chess.com"]

[Event "Titled Tuesday Blitz August 17 2021"]
[White "Caetano, Ryan Wesley Da Costa"]
[Black "Yanchenko, Roman"]
[WhiteFideId "2188554"]
[BlackFideId "4137329"]
[WhiteElo "2006"]
[BlackElo "2514"]
[Result "0-1"]
[Round "01"]
[TimeControl "180+1"]
[Date "2021.08.17"]
[WhiteClock "0:00:07"]
[BlackClock "0:00:48"]

1. d4 d5 2. c4 c6 3. Nc3 Nf6 4. Nf3 g6 5. Bg5 Bg7 6. e3 O-O 7. Bd3 a6 8. O-O h6 9. Bh4 b5 10. cxd5 cxd5 11. Rc1 Bf5 12. Bxf5 gxf5 13. a4 b4 14. Nb1 a5 15. Nbd2 Ne4 16. Bg3 Nd7 17. Qe2 Qb6 18. Bc7 Qb7 19. Bf4 Rfc8 20. Nb3 e6 21. Nfd2 Nxd2 22. Qxd2 Nb6 23. Nc5 Qc6 24. b3 Qe8 25. Rc2 Nd7 26. Rfc1 Nf6 27. f3 Nh5 28. Bg3 Nxg3 29. hxg3 e5 30. dxe5 Qxe5 31. f4 Qe7 32. Qd3 Rc6 33. Qxd5 Qxe3+ 34. Kh2 Rac8 35. Qxf5 Bd4 36. Qg4+ Kh8 37. Re2 Qxc1 38. Nd7 Qg1+ 39. Kh3 Qh1# 0-1


[Site "https://www.chess.com"]

[Event "Titled Tuesday Blitz August 17 2021"]
[White "Castellanos Rodriguez, Renier"]
[Black "Shishkov, Andrei"]
[WhiteFideId "3404650"]
[BlackFideId "4500563"]
[WhiteElo "2612"]
[BlackElo "2322"]
[Result "1-0"]
[Round "01"]
[TimeControl "180+1"]
[Date "2021.08.17"]
[WhiteClock "0:01:44"]
[BlackClock "0:00:10"]

1. e4 d5 2. Nf3 dxe4 3. Ng5 Bf5 4. Nc3 Nf6 5. Bc4 e6 6. Qe2 Nc6 7. Bb5 Qd4 8. f3 exf3 9. Nxf3 Qb6 10. Ne5 Bd6 11. Nc4 Qd4 12. d3 Qh4+ 13. Qf2 Qxf2+ 14. Kxf2 Bc5+ 15. Be3 Ng4+ 16. Kf3 Nxe3 17. Nxe3 Bg6 18. Bxc6+ bxc6 19. Nc4 f6 20. Ne4 Be7 21. b3 Kd7 22. Rae1 e5 23. g4 h5 24. h3 Bf7 25. Ne3 Be6 26. Nf5 g6 27. Nxe7 Kxe7 28. g5 f5 29. Nf6 Kd6 30. Kg3 h4+ 31. Kh2 a5 32. Re2 a4 33. Rhe1 axb3 34. Rxe5 Bd5 35. axb3 Ra2 36. R1e2 f4 37. c4 Rxe2+ 38. Rxe2 Bf7 39. d4 Rb8 40. c5# 1-0


[Site "https://www.chess.com"]